Map: Dreamcatcher LE

Players

Mamba - Winner!

  • Race: Zerg Zerg
  • Spawn Location: 11:00

Denver

  • Race: Zerg Zerg
  • Spawn Location: 5:00

Event: WCS Valencia 2018

VOD

Have the link to the VOD?

Description

Time

  • Played on: July 12, 2018, 6:48 a.m.
  • Length: 7:05

All games in this series

Show
View Real Time Build Order
Export as new Build Order

Mamba Zerg - Winner!

Build Orders: Pool First 

Get SALT Encoding   

  12  0:17  Spawning Pool  
  11  0:21  Drone  
  11  0:27  Drone  
  13  0:32  Drone  
  14  0:41  Overlord  
  14  1:04  Zergling x4  
  14  1:05  Zergling x2  
  17  1:16  Zergling x2  
  18  1:20  Hatchery  
  17  1:26  Zergling x2  
  18  1:33  Queen  
  18  1:38  Zergling x2  
  21  1:48  Overlord  
  21  1:59  Drone  
  22  2:11  Drone  
  22  2:12  Queen  
  25  2:21  Drone  
  20  2:38  Queen  
  20  2:40  Drone x2  
  24  2:45  Zergling x6  
  24  2:47  Drone x2  
  29  2:55  Spine Crawler, Drone  
  29  2:59  Drone  
  30  3:07  Overlord  
  30  3:10  Drone  
  31  3:20  Drone x4  
  31  3:21  Drone  
  31  3:26  Evolution Chamber  
  36  3:30  Roach Warren  
  35  3:35  Extractor, Drone  
  35  3:37  Extractor  
  35  3:38  Drone x2  
  36  3:42  Drone  
  36  3:43  Drone  
  36  3:47  Overlord  
  38  3:50  Drone  
  38  3:55  Drone x2  
  41  3:58  Drone x2  
  43  4:03  Drone  
  43  4:08  Drone x3  
  47  4:13  Drone  
  48  4:23  Zerg Missile Weapons Level 1  
  48  4:27  Hatchery  
  48  4:28  Drone x2  
  48  4:30  Extractor  
  48  4:32  Drone x2  
  50  4:40  Drone x2  
  50  4:42  Lair  
  50  4:44  Overlord  
  52  4:56  Overlord  
  52  4:57  Overlord x2  
  52  5:06  Roach  
  52  5:07  Roach x3  
  60  5:13  Overlord  
  60  5:14  Overlord  
  59  5:29  Roach  
  59  5:30  Roach x6  
  73  5:38  Roach  
  73  5:39  Roach  
  76  5:44  Glial Reconstitution  
  76  5:48  Roach  
  76  5:49  Roach x2  
  81  5:54  Drone x5  
  86  6:03  Roach x3  
  92  6:07  Drone x3  
  92  6:09  Overlord x2  
  95  6:12  Roach  
  95  6:14  Overlord  
  97  6:19  Roach x2  
  97  6:25  Roach x2  
  105  6:32  Roach x4  
  107  6:35  Ravager  
  107  6:37  Roach  
  108  6:41  Drone x6  
  108  6:44  Extractor  
  108  6:45  Extractor  
  110  6:55  Ravager  
Show
View Real Time Build Order
Export as new Build Order

Denver Zerg 

Build Orders: Hatch First 

Get SALT Encoding   

  12  0:01  Drone  
  13  0:13  Overlord  
  13  0:18  Drone  
  14  0:32  Drone x2  
  14  0:35  Drone  
  17  0:52  Hatchery  
  17  0:56  Drone  
  17  1:00  Drone  
  18  1:09  Extractor  
  17  1:14  Spawning Pool  
  17  1:18  Drone  
  17  1:21  Drone  
  18  1:30  Drone  
  19  2:01  Zergling x6  
  22  2:03  Queen  
  22  2:04  Zergling x2  
  25  2:13  Zergling x2  
  24  2:18  Zergling x2  
  25  2:26  Drone x2  
  21  2:40  Drone x2  
  23  2:45  Drone  
  23  2:49  Queen  
  26  2:55  Drone  
  27  3:04  Drone  
  28  3:08  Overlord  
  27  3:17  Overlord  
  27  3:27  Hatchery  
  27  3:29  Drone  
  27  3:31  Drone  
  28  3:37  Drone x2  
  28  3:40  Drone  
  31  3:44  Drone  
  31  3:48  Drone x2  
  34  3:51  Drone  
  34  3:55  Evolution Chamber  
  34  3:57  Drone  
  34  4:01  Drone  
  34  4:02  Drone  
  37  4:09  Extractor  
  36  4:10  Roach Warren  
  36  4:14  Drone  
  36  4:17  Drone x2  
  36  4:20  Drone  
  39  4:25  Zerg Missile Weapons Level 1  
  39  4:29  Overlord  
  39  4:35  Lair  
  39  4:37  Drone  
  39  4:42  Overlord  
  39  4:43  Drone  
  38  4:46  Drone  
  38  4:47  Drone  
  38  4:50  Drone  
  38  4:51  Drone  
  42  4:53  Drone  
  42  4:55  Drone  
  42  4:59  Drone x2  
  46  5:04  Drone x2  
  46  5:05  Drone  
  49  5:11  Queen  
  49  5:12  Extractor  
  50  5:14  Drone  
  50  5:21  Roach x2  
  50  5:22  Roach  
  55  5:30  Roach  
  55  5:31  Overlord  
  55  5:32  Overlord  
  55  5:34  Glial Reconstitution  
  55  5:37  Overlord  
  55  5:42  Drone x2  
  56  5:49  Roach x2  
  60  5:50  Roach  
  60  5:52  Overseer  
  63  5:57  Drone x3  
  63  6:00  Roach  
  63  6:02  Roach  
  69  6:04  Roach  
  69  6:07  Roach  
  69  6:10  Overlord  
  73  6:12  Roach  
  73  6:17  Roach x2  
  79  6:21  Roach  
  79  6:25  Overlord  
  79  6:26  Roach  
  79  6:31  Roach x3  
  83  6:39  Roach x4  
  81  6:43  Overlord  
  81  6:44  Roach  
Tags
 
Add a new tag
Caveats
  • Supply blocks, unpowered buildings, or Contaminate may cause inaccurate times.
  • Supply counts are checked every 10 seconds.